 Dungeon Crawl Stone Soup version 0.30-a0-1016-gfb0d676c02 (webtiles) character file.

Game seed: 3259512431800765670

6048 pkoi the Frost Mage (level 10, -22/75 HPs)
             Began as a Pale Draconian Ice Elementalist on Apr 6, 2023.
             Was a Follower of Hepliaklqana.
             Annihilated by a red ugly thing (34 damage)
             ... on level 9 of the Dungeon.
             The game lasted 00:15:40 (8477 turns).

pkoi the Frost Mage (DrIE)                          Turns: 8477, Time: 00:15:41

Health: -22/75     AC: 18    Str: 10    XL:     10   Next: 57%
Magic:  15/19      EV: 14    Int: 21    God:    Hepliaklqana [*.....]
Gold:   559        SH:  0    Dex: 11    Spells: 14/21 levels left

rFire   x . .      SeeInvis .    p - +8 trident of the Octopus King {venom, rElec rPois}
rCold   + . .      Faith    .    (no shield)
rNeg    . . .      Spirit   .    (body armour unavailable)
rPois   +          Reflect  .    (helmet restricted)
rElec   +          Rampage  .    (no cloak)
rCorr   .                        (no gloves)
Will    .....                    B - +0 pair of boots
Stlth   ++                       r - amulet of magic regeneration
HPRegen 0.32/turn                L - ring of poison resistance
MPRegen 0.56/turn                D - ring of ice

@: ice-armoured, freezing walls
A: reduced essence, breathe steam, AC +7, unfitting armour, cold-blooded, steam
resistance
a: Breathe Steam, Renounce Religion, Recall Ancestor, Ancestor Identity


You were on level 9 of the Dungeon.
You worshipped Hepliaklqana.
Hepliaklqana was aware of your devotion.
You visited 2 branches of the dungeon, and saw 10 of its levels.

You collected 559 gold pieces.

Inventory:

Hand Weapons
 b - a +0 whip
 f - a +1 whip of electrocution
 p - the +8 trident of the Octopus King (weapon) {venom, rElec rPois}
   (You found it on level 3 of the Dungeon)

   rElec:     It insulates you from electricity.
   rPois:     It protects you from poison.
Missiles
 o - 25 poisoned darts
 M - 2 throwing nets
Armour
 B - a +0 pair of boots (worn)
Jewellery
 r - an amulet of magic regeneration (around neck)
 D - a ring of ice (right hand)
 L - a ring of poison resistance (left hand)
 O - a ring of ice
 P - a ring of ice
Wands
 v - a wand of flame (50)
 x - a wand of paralysis (22)
 H - a wand of acid (7)
Scrolls
 c - 2 scrolls of torment {unknown}
 d - 12 scrolls of identify {unknown}
 e - a scroll of amnesia {unknown}
 g - 3 scrolls of brand weapon {unknown}
 h - 5 scrolls of poison {unknown}
 i - 3 scrolls of magic mapping {unknown}
 l - 3 scrolls of teleportation {unknown}
 q - a scroll of acquirement {unknown}
 t - a scroll of fear {unknown}
 u - a scroll of fog {unknown}
 w - 3 scrolls of enchant weapon {unknown}
 y - a scroll of immolation {unknown}
 C - 2 scrolls of summoning {unknown}
 F - a scroll of blinking {unknown}
 I - 3 scrolls of enchant armour {unknown}
 J - 4 scrolls of vulnerability {unknown}
 N - a scroll of noise {unknown}
Potions
 a - a potion of magic
 j - a potion of invisibility {unknown}
 k - 4 potions of curing {unknown}
 m - a potion of haste {unknown}
 n - a potion of heal wounds {unknown}
 s - 6 potions of lignification {unknown}
 z - 4 potions of brilliance {unknown}
 A - a potion of flight {unknown}
 E - 2 potions of degeneration {unknown}
 G - a potion of might {unknown}
 K - a potion of mutation {unknown}


   Skills:
 - Level 6.4 Fighting
 + Level 5.1 Polearms
 - Level 6.0 Dodging
 - Level 2.6 Stealth
 - Level 6.1 Spellcasting
 - Level 11.2 Ice Magic


You had 14 spell levels left.
You knew the following spells:

 Your Spells              Type           Power      Damage    Failure   Level
a - Freeze                Ice            100%       1d10      1%          1
b - Frozen Ramparts       Ice            100%       1d16      1%          3
c - Ozocubu's Armour      Ice            69%        N/A       1%          3

Your spell library contained the following spells:

 Spells                   Type           Power      Damage    Failure   Level
 Shock                    Conj/Air       24%        1d4       10%         1
 Summon Small Mammal      Summ           24%        N/A       10%         1
 Summon Ice Beast         Ice/Summ       44%        N/A       10%         4
 Metabolic Englaciation   Hex/Ice        22%        N/A       26%         5
 Call Canine Familiar     Summ           6%         N/A       28%         3
 Summon Guardian Golem    Hex/Summ       6%         N/A       28%         3
 Swiftness                Air            6%         N/A       28%         3
 Vhi's Electric Charge    Tloc/Air       12%        N/A       28%         3
 Airstrike                Air            3%         2d(1-17)  67%         4
 Simulacrum               Ice/Necr       22%        N/A       83%         6
 Arcjolt                  Conj/Air       3%         1d13      95%         5
 Iskenderun's Battlesphe  Conj           6%         2d6       95%         5
 Iron Shot                Conj/Erth      3%         9d2       100%        6
 Spellforged Servitor     Conj/Summ      3%         N/A       100%        7
 Maxwell's Capacitive Co  Air            3%         ∞         100%        8


Dungeon Overview and Level Annotations

Branches:
Dungeon (9/15)             Temple (1/1) D:7
   Lair: D:8-11         Orc: D:9-12

Altars:
Ashenzari
Cheibriados
Dithmenos
Elyvilon
Fedhas
Gozag
Hepliaklqana
Kikubaaqudgha
Makhleb
Nemelex Xobeh
Okawaru
Qazlal
Ru
Sif Muna
Trog
Uskayaw
Vehumet
Wu Jian
Xom
Yredelemnul
Zin
The Shining One

Shops:
D:2 [   D:8 =


Innate Abilities, Weirdness & Mutations

Your life essence is reduced to manifest your ancestor. (-10% HP)
You can breathe blasts of scalding, opaque steam.
Your pale cyan-grey scales are hard. (AC +7)
You cannot fit into any form of body armour.
You are cold-blooded and may be slowed by cold attacks.
You are immune to the effects of steam.


Message History

Something kicks Sinna!
Sinna is engulfed in flames!
Sinna resists.
Sinna is destroyed!
There is an open door here.
Casting: Frozen Ramparts (safe; 1% risk of failure)
Confirm with . or Enter, or press ? or * to list all spells.
Casting: Frozen Ramparts (safe; 1% risk of failure)
Press: ? - help, Dir - look around, f - activate You feel a surge of power!
The walls around you are covered in ice.
The wall freezes the red ugly thing.
The red ugly thing kicks you.
You are engulfed in flames!!
The fire burns you terribly!
You hit the red ugly thing.
The red ugly thing is poisoned.
The red ugly thing is lightly wounded.
The wall freezes the red ugly thing!
The red ugly thing kicks you!
You are engulfed in flames!!
The fire burns you terribly!
* * * LOW HITPOINT WARNING * * *
Unknown command.
Okay, then.
Unknown command.
Okay, then.
Unknown command.
Okay, then.
Okay, then.
Okay, then.
Unknown command.
Okay, then.
Casting: Frozen Ramparts (safe; 1% risk of failure)
Confirm with . or Enter, or press ? or * to list all spells.
You feel a surge of power! A film of ice covers your body!
The wall freezes the red ugly thing!
The red ugly thing kicks you but does no damage.
You puncture the red ugly thing!
The red ugly thing looks as sick as possible!
The red ugly thing is severely wounded.
The wall freezes the red ugly thing but does no damage.
The red ugly thing kicks you.
* * * LOW HITPOINT WARNING * * *
You are engulfed in flames!!
The fire burns you terribly!
You die...

###....#.......#####........#
#............#...#........# #
#.#.#'#.#....'...#.#..#...# #
#...#.#.#....#...#........# #
#...#.#.#....#...#........# #
#.#.#.#.#....#...####..##.#
###...+.#.#....######.#.....#
#.#...#.#.#....#..<##.#.....#
'.#.#.#.#.#....#@..##.#.....#
###...#.#.#....u...##.#.....#
# #...#.'.#....#...##.#.....#
# #.#.#.#.#....#......#.###.#
###...#.#.#....######.#.....#
......###)#.........###.....#
..).......#......##......#..#
.......#..#..........#[..#..#
............................#


You could see a red ugly thing (extremely poisoned).

Vanquished Creatures
  An ugly thing (D:6)
  Psyche (D:8)
  2 trolls
  Prince Ribbit (D:7)
  A shadow (D:9)
  4 yaks (D:8)
  2 wyverns (D:8)
  A steam dragon (D:7)
  2 water moccasins (D:6)
  An orc warrior (D:8)
  2 sky beasts
  An ice beast (D:7)
  2 black bears (D:6)
  2 centaurs (D:6)
  3 ogres
  2 phantoms
  Blork the orc (D:6)
  3 kobold brigands
  2 bullfrogs
  5 scorpions
  3 gnoll sergeants (D:8)
  4 wights (D:9)
  5 orc priests
  A jelly (D:4)
  A gnoll bouda (D:5)
  4 hounds
  3 iguanas
  12 orc wizards
  2 sleepcaps
  Ijyb (D:4)
  Natasha (thrice) (D:2)
  5 adders
  17 gnolls
  2 shadow imps (D:7)
  A white imp (D:6)
  2 worms
  A dart slug (D:4)
  39 orcs
  6 endoplasms
  3 giant cockroaches
  9 goblins
  6 hobgoblins
  6 jackals (D:2)
  12 kobolds
  8 quokkas
  4 ball pythons
  9 bats
  4 frilled lizards
  8 rats
220 creatures vanquished.

Vanquished Creatures (collateral kills)
  An orc (D:9)
  A kobold (D:9)
2 creatures vanquished.

Vanquished Creatures (others)
  2 ancestors (D:9)
2 creatures vanquished.

Grand Total: 224 creatures vanquished

Notes
Turn   | Place    | Note
-------+----------+-------------------------------------------
     0 | D:1      | pkoi the Draconian Ice Elementalist began the quest for the
                  | Orb.
     0 | D:1      | Reached XP level 1. HP: 14/14 MP: 3/3
   249 | D:1      | Reached XP level 2. HP: 19/20 MP: 0/5
   474 | D:1      | Reached XP level 3. HP: 26/26 MP: 6/6
   982 | D:2      | Reached XP level 4. HP: 18/33 MP: 7/7
   989 | D:2      | Learned a level 3 spell: Frozen Ramparts
   993 | D:2      | Learned a level 3 spell: Ozocubu's Armour
  1056 | D:2      | Noticed Natasha
  1061 | D:2      | Killed Natasha
  1095 | D:2      | Found Cuosh's Antique Armour Shop.
  1195 | D:2      | Noticed Natasha
  1262 | D:2      | Killed Natasha
  1263 | D:2      | Reached skill level 5 in Ice Magic
  1358 | D:2      | Reached XP level 5. HP: 38/38 MP: 8/8
  1434 | D:2      | Noticed Natasha
  1443 | D:2      | Killed Natasha
  1858 | D:3      | Reached skill level 6 in Ice Magic
  2001 | D:3      | Found a burning altar of Makhleb.
  2055 | D:3      | Found the +8 trident of the Octopus King {venom, rElec
                  | rPois}
  2270 | D:3      | Reached XP level 6. HP: 39/45 MP: 5/9
  2783 | D:4      | Reached skill level 7 in Ice Magic
  3183 | D:4      | Noticed Ijyb
  3183 | D:4      | Paralysed by Ijyb for 3 turns
  3204 | D:4      | Paralysed by Ijyb for 5 turns
  3214 | D:4      | Killed Ijyb
  3303 | D:4      | Your scales start taking on a pale cyan-grey colour.
  3303 | D:4      | Reached XP level 7. HP: 44/50 MP: 10/10
  3303 | D:4      | Gained mutation: You are immune to the effects of steam.
                  | [Pale Draconian growth]
  3446 | D:5      | Entered Level 5 of the Dungeon
  3462 | D:5      | Reached skill level 1 in Fighting
  3568 | D:5      | Reached skill level 8 in Ice Magic
  3890 | D:5      | Found a snail-covered altar of Cheibriados.
  4045 | D:5      | Found a sparkling altar of Nemelex Xobeh.
  4409 | D:6      | Reached XP level 8. HP: 62/62 MP: 11/13
  4466 | D:6      | Noticed Blork the orc
  4474 | D:6      | Killed Blork the orc
  4873 | D:6      | Identified the scarf of Defence {shadows, +Blink Str-5
                  | Dex-5 Stlth+}
  5307 | D:6      | Reached skill level 9 in Ice Magic
  5325 | D:6      | Reached XP level 9. HP: 67/72 MP: 16/16
  5382 | D:6      | Noticed a troll
  5382 | D:6      | Noticed a purple ugly thing
  5387 | D:6      | Reached skill level 5 in Dodging
  5387 | D:6      | Reached skill level 5 in Spellcasting
  5388 | D:6      | Reached skill level 5 in Fighting
  5392 | D:6      | Killed a troll
  5393 | D:6      | Killed a purple ugly thing
  5609 | D:7      | Noticed Prince Ribbit
  5623 | D:7      | Killed Prince Ribbit
  6122 | D:7      | Found a staircase to the Ecumenical Temple.
  6412 | Temple   | Entered the Ecumenical Temple
  6648 | Temple   | Became a worshipper of Hepliaklqana the Forgotten
  6705 | D:8      | Reached skill level 1 in Polearms
  6705 | D:8      | Reached skill level 10 in Ice Magic
  6795 | D:8      | Noticed Psyche
  6795 | D:8      | Paralysed by Psyche for 2 turns
  6803 | D:8      | Paralysed by Psyche for 4 turns
  6811 | D:8      | Killed Psyche
  6812 | D:8      | Reached XP level 10. HP: 76/84 MP: 17/19
  6928 | D:8      | Found Keocal's Jewellery Shoppe.
  7439 | D:8      | Reached * piety under Hepliaklqana
  7629 | D:9      | Reached skill level 11 in Ice Magic
  7962 | D:9      | Reached skill level 5 in Polearms
  8430 | D:9      | Noticed a red ugly thing
  8477 | D:9      | Annihilated by a red ugly thing

Illustrated notes

Levels and vault maps discovered:
D:1:      roderic_crop_circles_arrival_small, layout_basic
D:2:      layout_loops_cross, serial_shops, shop, uniq_natasha
D:3:      layout_loops_ring, lightli_temple_of_fire
D:4:      layout_cave_pools, serial_park, serial_park_avenue1,
          serial_park_tiny_pond, serial_park_square3
          [serial_park_minivault_5x5_1], serial_park_tiny_pond,
          serial_park_gazebo [serial_park_minivault_5x5_8], amethyst_killhole,
          uniq_ijyb
D:5:      layout_loops_cross, chei_slow_surprise,
          nemelex_xobeh_ov_fountains_minmay
D:6:      wad_guarded_room, layout_basic, uniq_blork_the_orc
D:7:      layout_gridville, temple_hall, uniq_prince_ribbit1
D:8:      layout_gridville, serial_shops, nicolae_shop_statue_plus, uniq_psyche
D:9:      layout_stronghold, nrook_loot_triangle
Temple:   compressed_dpeg_triangle_lava_temple

Skill      XL: |  1  2  3  4  5  6  7  8  9 10 |
---------------+-------------------------------+-----
Stealth        | 2 |  2.6
Dodging        | 2 3 4 6 |  6.0
Ice Magic      | 5 6 7 8 9 10 11 | 11.2
Fighting       | 2 4 6 |  6.4
Spellcasting   | 3 4 6 |  6.1
Polearms       | 2 5 |  5.1

Action                     |  1- 3 |  4- 6 |  7- 9 | 10-12 || total
---------------------------+-------+-------+-------+-------++-------
  Melee: Whip              |   104 |    88 |       |       ||   192
         Tailslap          |    12 |    13 |    14 |     6 ||    45
         Punch             |     2 |     1 |     1 |       ||     4
         Trident           |       |    51 |   154 |    74 ||   279
   Cast: Freeze            |     8 |    19 |       |     1 ||    28
         Frozen Ramparts   |       |     6 |    19 |    10 ||    35
         Ozocubu's Armour  |       |       |       |     1 ||     1
 Invoke: Ancestor Identity |       |       |       |     1 ||     1
Ability: Breathe Steam     |       |       |     4 |       ||     4
   Stab: Sleeping          |     4 |    13 |     4 |     1 ||    22
         Distracted        |       |       |       |     1 ||     1
 Armour: Skin              |    51 |    57 |    53 |    13 ||   174
  Dodge: Dodged            |    91 |    72 |    90 |    36 ||   289

Table legend: (Time is in decaauts)
 A = Elapsed time spent in this place.
 B = Non-inter-level travel time spent in this place.
 C = Inter-level travel time spent in this place.
 D = Time resting spent in this place.
 E = Time spent auto-exploring this place.
 F = Levels seen in this place.
 G = Mean time per level.
                   A        B        C        D        E       F      G
               +--------+--------+--------+--------+--------+-----+--------+
         Total |   8571 |   8239 |    332 |    995 |   5478 |  10 |  857.1 |
       Dungeon |   8329 |   7997 |    332 |    995 |   5297 |   9 |  925.4 |
        Temple |    241 |    241 |      0 |      0 |    181 |   1 |  241.0 |
               +--------+--------+--------+--------+--------+-----+--------+

Top non-repeatable levels by time:
     D:6: 1403 daAuts
     D:9: 909 daAuts
     D:3: 906 daAuts
     D:1: 903 daAuts
     D:8: 877 daAuts
     D:4: 877 daAuts
     D:2: 875 daAuts
     D:5: 809 daAuts
     D:7: 766 daAuts
  Temple: 241 daAuts
